[Event "Betsys MČR v online bleskovém šachu 2021"]
[Site "Chess.com"]
[Date "2021.04.17"]
[Round "10"]
[White "Evca64"]
[Black "stripe122"]
[Result "1-0"]
[WhiteElo "2068"]
[BlackElo "1804"]
[TimeControl "180+1"]
[EndTime "10:39:43 PDT"]
[Termination "Uživatel Evca64 zvítězil po vzdání soupeře"]

1. e4 c5 2. Nf3 d6 3. Bb5+ Bd7 4.
Bxd7+ Nxd7 5. O-O Ngf6 6. d3 e6 7. Ng5 h6 8. Nh3 Be7 9. f4 O-O 10. f5 exf5 11. Rxf5 Ne5 12. Nc3 Ng6 13. Rf1 a6 14.
Nf4 Nxf4 15. Bxf4 b5 16. Kh1 b4 17. Ne2 d5 18. e5 Nd7 19. d4 c4 20. Ng3 Bg5 21. Qg4 Bxf4 22. Qxf4 Qe7 23. Rae1 Qg5 24. Qf3 Rae8 25. Qxd5 Nb6 26. Qc5 Rb8 27. d5 Rfc8 28. Qd4 Rd8 29. d6 c3 30. bxc3 bxc3 31.
Qxc3 Nd5 32. Qc4 Rb5 33. a4 Ra5 34. Ne4 Qg6 35. Nc5 Rc8 36. d7 Rd8 37. Qxd5 1-0

[Event "Betsys MČR v online bleskovém šachu 2021"]
[Site "Chess.com"]
[Date "2021.04.17"]
[Round "10"]
[White "p_kana"]
[Black "Bagr92"]
[Result "0-1"]
[WhiteElo "1779"]
[BlackElo "1606"]
[TimeControl "180+1"]
[EndTime "10:39:43 PDT"]
[Termination "Uživatel Bagr92 zvítězil matem"]

1. e4 c5 2. Nf3 e6 3. d4 cxd4 4. Nxd4 Nf6 5. Bd3 d6 6. O-O Be7 7. Qe2 O-O 8. Nc3 Nc6 9. Nxc6 bxc6 10. Bd2 e5 11. Kh1 Qc7 12. Rae1 Bg4 13. f3 Be6 14. h3 Nh5 15. Kh2 Bh4 16. Rd1 Ng3 17. Qe3 Nxf1+ 18.
Rxf1 d5 19. exd5 cxd5 20. Kh1 Rab8 21. Nd1 f5 22. Bc3 d4 23. Bxd4 exd4 24. Qxe6+ Kh8 25. b3 Rbe8 26. Qd5 Qf4 27. Bc4 Bd8 28. Kg1 Bc7 29. Kf2 Qg3+ 30. Kg1 Qh2+ 31. Kf2 Bg3# 0-1

[Event "Betsys MČR v online bleskovém šachu 2021"]
[Site "Chess.com"]
[Date "2021.04.17"]
[Round "10"]
[White "JaraLinhart"]
[Black "Krejcak"]
[Result "0-1"]
[WhiteElo "1703"]
[BlackElo "2011"]
[TimeControl "180+1"]
[EndTime "10:39:45 PDT"]
[Termination "Uživatel Krejcak zvítězil na čas"]

1. e4 e5 2. Nf3 Nc6 3. Bb5 a6 4. Ba4 Nf6 5. d3 b5 6. Bb3 Be7 7. O-O O-O 8. c3 d5 9. exd5 Nxd5 10. Re1 Bb7 11. Nxe5 Nxe5 12. Rxe5 Qd7 13. d4 Rae8 14.
Nd2 Nf4 15. Nf3 Nxg2 16. d5 Qg4 17. Kh1 Bd6 18. Rxe8 Rxe8 19. Bd2 Nh4 20. Nxh4 Qxh4 21. Qg1 Qh5 22. Be3 Bxd5+ 23. Bxd5 Qxd5+ 24. Qg2 Qxg2+ 25.
Kxg2 f6 26. Kf3 Kf7 27. Rg1 g5 28. Rg4 h5 29. Re4 Rxe4 30. Kxe4 Ke6 31. Kd4 c5+ 32. Ke4 f5+ 33. Kf3 f4 34. Bd2 Ke5 35. h4 g4+ 36. Ke2 Ke4 37. Bc1 Be7 0-1

[Event "Betsys MČR v online bleskovém šachu 2021"]
[Site "Chess.com"]
[Date "2021.04.17"]
[Round "10"]
[White "PetrVelicka"]
[Black "ghostdog777"]
[Result "1-0"]
[WhiteElo "2366"]
[BlackElo "2137"]
[TimeControl "180+1"]
[EndTime "10:39:46 PDT"]
[Termination "Uživatel PetrVelicka zvítězil na čas"]

1. e4 e5 2. Nf3 d6 3. d4 Nd7 4. Bc4 c6 5. O-O Be7 6. Nc3 Ngf6 7. Re1 O-O 8. a4 b6 9. d5 c5 10.
a5 Rb8 11. axb6 axb6 12. Bb5 Ne8 13. Nd2 Nc7 14. Nc4 Nxb5 15. Nxb5 Nf6 16. Bg5 Ne8 17. Bxe7 Qxe7 18. Ra7 Qd8 19. Qa1 f5 20. f3 Rf6 21.
Qc1 f4 22. Qd2 g5 23. h3 h5 24.
Kf2 g4 25. hxg4 hxg4 26. Rh1 Rg6 27. Kf1 gxf3 28. gxf3 Qg5 29. Qf2 Qg3 30. Qxg3 Rxg3 31. Kf2 Bh3 32. Rh2 Bc8 33. Nbxd6 Nxd6 34. Nxd6 b5 35.
Rc7 1-0

[Event "Betsys MČR v online bleskovém šachu 2021"]
[Site "Chess.com"]
[Date "2021.04.17"]
[Round "10"]
[White "JustFilip05"]
[Black "sachmaty8"]
[Result "1-0"]
[WhiteElo "2115"]
[BlackElo "1820"]
[TimeControl "180+1"]
[EndTime "10:39:46 PDT"]
[Termination "Uživatel JustFilip05 zvítězil matem"]

1. Nf3 Nf6 2. b3 d5 3. Bb2 e6 4. e3 b6 5. c4 Bb7 6. Be2 Be7 7.
O-O O-O 8. Nc3 c5 9. d4 Nc6 10. Rc1 Rc8 11. dxc5 Bxc5 12. cxd5 exd5 13. Nb5 Re8 14.
Nbd4 Ne4 15. Bb5 Rf8 16. Nxc6 Bxc6 17. Bxc6 Rxc6 18. b4 Rh6 19. bxc5 bxc5 20. Nd2 Qh4 21. h3 Ng5 22. Nf3 Nxh3+ 23. Kh2 Nxf2+ 24. Nxh4 Nxd1 25. Rfxd1 Rxh4+ 26. Kg3 Ra4 27. a3 Re4 28. Kf3 Rfe8 29. Rd3 g5 30. Rxc5 g4+ 31. Kf2 h5 32. Rcxd5 h4 33.
Rg5+ Kf8 34. Rd7 Rb8 35. Bg7+ Ke8 36. Rd4 Rb2+ 37. Kg1 Rxe3 38. Bf6 Re1+ 39. Kh2 g3+ 40. Kh3 Rh1+ 41. Kg4 Rb8 42. Rg8# 1-0

[Event "Betsys MČR v online bleskovém šachu 2021"]
[Site "Chess.com"]
[Date "2021.04.17"]
[Round "10"]
[White "Klokan64"]
[Black "povrlak60"]
[Result "1-0"]
[WhiteElo "1429"]
[BlackElo "1570"]
[TimeControl "180+1"]
[EndTime "10:39:46 PDT"]
[Termination "Uživatel Klokan64 zvítězil matem"]

1. d4 Nf6 2. Nf3 d6 3. Bg5 Nbd7 4. e3 g6 5. Bd3 Bg7 6. c3 O-O 7. O-O c6 8. Re1 Qc7 9. Nbd2 e5 10. dxe5 dxe5 11.
Nc4 Re8 12. Bc2 Nc5 13. Qd6 Qxd6 14. Nxd6 Re6 15. Nxc8 Rxc8 16. Rad1 Ree8 17. h3 h6 18. Bh4 g5 19. Bg3 Nh5 20. Bh2 Kf8 21. Rd6 e4 22. Nd4 Rcd8 23. Rxd8 Rxd8 24. Nf5 Rd2 25. Rd1 Nf6 26.
Rxd2 Nd5 27. c4 Nb4 28. Rd8# 1-0

[Event "Betsys MČR v online bleskovém šachu 2021"]
[Site "Chess.com"]
[Date "2021.04.17"]
[Round "10"]
[White "Richarlito"]
[Black "fera_v"]
[Result "1/2-1/2"]
[WhiteElo "2063"]
[BlackElo "2229"]
[TimeControl "180+1"]
[EndTime "10:39:47 PDT"]
[Termination "Remíza opakováním pozice"]

1. e4 e6 2. d4 d5 3. exd5 exd5 4. c4 Nf6 5. Nc3 Be6 6. cxd5 Nxd5 7. Bd3 Be7 8. Nge2 Nd7 9. O-O O-O 10. Nf4 Nxf4 11.
Bxf4 Nf6 12. Rc1 c6 13. Re1 Bd6 14. Bxd6 Qxd6 15. Bb1 Rad8 16. Ne4 Nxe4 17. Rxe4 Bf5 18. Rh4 Bxb1 19. Rxb1 Qf6 20. g3 Rd5 21. Rc1 Rfd8 22.
Qd3 g6 23. Rf4 Rxd4 24. Rxf6 Rxd3 25. Rf4 Rd2 26. Rb4 R8d7 27. Kf1 Re7 28. Re1 Rxe1+ 29. Kxe1 Rc2 30. Rxb7 a5 31. a4 Kg7 32. b4 axb4 33.
Rxb4 Ra2 34. Rc4 c5 35. Rxc5 Rxa4 36. Rc6 Ra2 37. Kf1 h5 38. Kg2 Kh6 39. h4 Kg7 40. Rd6 Rb2 41. Rc6 Ra2 42. Rd6 Rb2 43. Rc6 Ra2 1/2-1/2

[Event "Betsys MČR v online bleskovém šachu 2021"]
[Site "Chess.com"]
[Date "2021.04.17"]
[Round "10"]
[White "TomasOrnet1"]
[Black "l_pavlasek"]
[Result "1-0"]
[WhiteElo "1508"]
[BlackElo "1647"]
[TimeControl "180+1"]
[EndTime "10:39:47 PDT"]
[Termination "Uživatel TomasOrnet1 zvítězil po vzdání soupeře"]

1. e4 c5 2. Bc4 Nc6 3. Nf3 e6 4. d3 g6 5. Be3 d6 6. c3 Bg7 7. Qd2 Nge7 8. Bh6 O-O 9. Bxg7 Kxg7 10. h4 d5 11. exd5 exd5 12. Bb3 Bg4 13. Qf4 Qd7 14. Nbd2 Bh5 15. O-O-O a5 16. a4 Rab8 17. Rdg1 Bxf3 18. Nxf3 c4 19. dxc4 dxc4 20. Bxc4 Nf5 21.
h5 b5 22. Bxb5 Qe6 23. hxg6 fxg6 24. Ng5 Qa2 25. Rxh7+ Kg8 26. Bc4+ Qxc4 27. Qxc4+ 1-0

[Event "Betsys MČR v online bleskovém šachu 2021"]
[Site "Chess.com"]
[Date "2021.04.17"]
[Round "10"]
[White "Pekibeast"]
[Black "AdaTra"]
[Result "1-0"]
[WhiteElo "1874"]
[BlackElo "1657"]
[TimeControl "180+1"]
[EndTime "10:39:48 PDT"]
[Termination "Uživatel Pekibeast zvítězil po vzdání soupeře"]

1. e4 c6 2. d4 d5 3. f3 dxe4 4. fxe4 e5 5. Nf3 Bg4 6. Bc4 Nd7 7. O-O Ngf6 8. Nc3 Bd6 9. Bg5 O-O 10. Kh1 Qc7 11.
h3 Bxf3 12. Rxf3 exd4 13. Qxd4 Be5 14. Qe3 Rae8 15. Raf1 a5 16. a3 b5 17. Ba2 Bxc3 18.
Qxc3 Nxe4 19. Rxf7 Rxf7 20. Bxf7+ Kh8 21. Bxe8 Ng3+ 22.
Qxg3 Qxg3 23. Bxd7 h6 24. Rf8+ Kh7 25. Bf4 Qe1+ 26. Kh2 Qe7 27. Bf5+ g6 28. Rc8 gxf5 29. Rc7 1-0

[Event "Betsys MČR v online bleskovém šachu 2021"]
[Site "Chess.com"]
[Date "2021.04.17"]
[Round "10"]
[White "krajic001"]
[Black "Svisthorsky"]
[Result "0-1"]
[WhiteElo "1191"]
[BlackElo "1464"]
[TimeControl "180+1"]
[EndTime "10:39:48 PDT"]
[Termination "Uživatel Svisthorsky zvítězil na čas"]

1. e4 e5 2. Bc4 Bc5 3. Nf3 Nc6 4. b4 Bxb4 5. c3 Be7 6. d4 exd4 7. O-O d6 8. cxd4 Nf6 9. Nc3 O-O 10. Re1 Bg4 11.
h3 Bh5 12. Ba3 a6 13. e5 dxe5 14. Bxe7 Qxe7 15. g4 Nxg4 16. hxg4 Bxg4 17. dxe5 Rad8 18. Qe2 Nd4 19. Nxd4 Bxe2 20. Ndxe2 Qg5+ 21. Ng3 Qd2 0-1

[Event "Betsys MČR v online bleskovém šachu 2021"]
[Site "Chess.com"]
[Date "2021.04.17"]
[Round "10"]
[White "Devasales"]
[Black "Jeff_CZE"]
[Result "1-0"]
[WhiteElo "1741"]
[BlackElo "1819"]
[TimeControl "180+1"]
[EndTime "10:39:49 PDT"]
[Termination "Uživatel Devasales zvítězil matem"]

1. e4 e6 2. d4 d5 3. e5 c5 4. c3 Qb6 5. Nf3 Bd7 6. b3 Bb5 7. Be2 Bxe2 8. Qxe2 Nc6 9. Bb2 cxd4 10. cxd4 Bb4+ 11. Nbd2 Rc8 12. O-O Bxd2 13. Qxd2 Nge7 14. Rac1 O-O 15. Ba3 Rfe8 16. h3 Nf5 17. Bc5 Qa6 18.
g4 Nh6 19. a4 b6 20. Bd6 Na5 21. Qe3 Nb7 22. Bb4 b5 23. Ra1 bxa4 24. Rxa4 Qb6 25.
Rfa1 Ra8 26. Bc5 Nxc5 27. dxc5 Qc7 28. b4 Red8 29. Nd4 Kf8 30. Nb5 Qb7 31. Nd6 Qd7 32. b5 Ng8 33. c6 Qc7 34. Rxa7 Rxa7 35. Rxa7 Qb8 36. Rxf7# 1-0

[Event "Betsys MČR v online bleskovém šachu 2021"]
[Site "Chess.com"]
[Date "2021.04.17"]
[Round "10"]
[White "sodikus"]
[Black "machajda"]
[Result "1-0"]
[WhiteElo "2264"]
[BlackElo "2040"]
[TimeControl "180+1"]
[EndTime "10:39:51 PDT"]
[Termination "Uživatel sodikus zvítězil po vzdání soupeře"]

1. d4 Nf6 2. c3 d5 3. Bg5 c6 4.
Nd2 Bf5 5. Bxf6 exf6 6. g3 Nd7 7. Bg2 Bd6 8. Ngf3 O-O 9. O-O b5 10. Nh4 Be6 11. e4 dxe4 12. Nxe4 Be7 13. Qf3 f5 14. Nxf5 Bxf5 15. Qxf5 Qc7 16. Rfe1 Rfe8 17. h4 Rad8 18. Rad1 Nf6 19. Ng5 Bf8 20. a3 a6 21. g4 Qd6 22.
h5 Qc7 23. Nf3 Qd6 24. Ne5 c5 25. Bf3 Qb6 26. g5 Nd5 27. Qxf7+ Kh8 28. Bxd5 1-0

[Event "Betsys MČR v online bleskovém šachu 2021"]
[Site "Chess.com"]
[Date "2021.04.17"]
[Round "10"]
[White "TheFr0zenSun"]
[Black "BRNOTEACHER"]
[Result "0-1"]
[WhiteElo "2247"]
[BlackElo "2362"]
[TimeControl "180+1"]
[EndTime "10:39:52 PDT"]
[Termination "Uživatel BRNOTEACHER zvítězil po vzdání soupeře"]

1. d4 Nf6 2. Nf3 g6 3. c4 Bg7 4. Nc3 d5 5. cxd5 Nxd5 6. Bd2 Nb6 7. Bg5 Nc6 8. e3 h6 9. Bh4 O-O 10. Bb5 Bd7 11. O-O a6 12. Be2 Be6 13. h3 Qd7 14. b3 Rad8 15. Rc1 f5 16. Bg3 g5 17. Qc2 f4 18. exf4 gxf4 19. Bh4 Nxd4 20. Nxd4 Bxd4 21. Rfd1 Bf5 22. Bd3 Bxh3 23. gxh3 Qxh3 24. Bxe7 f3 25. Bh7+ Kh8 26. Qg6 Rg8 0-1

[Event "Betsys MČR v online bleskovém šachu 2021"]
[Site "Chess.com"]
[Date "2021.04.17"]
[Round "10"]
[White "Hanicka1517"]
[Black "Mikkes33"]
[Result "0-1"]
[WhiteElo "1611"]
[BlackElo "1566"]
[TimeControl "180+1"]
[EndTime "10:39:52 PDT"]
[Termination "Uživatel Mikkes33 zvítězil matem"]

1. d4 Nf6 2. Nf3 e6 3. g3 b6 4. Bg2 Bb7 5. O-O d5 6. Nbd2 Be7 7. c4 O-O 8. cxd5 exd5 9. Qc2 Nbd7 10. Nb3 c5 11.
dxc5 bxc5 12. Bf4 Rc8 13. Rac1 d4 14. Nbd2 Re8 15. Nc4 Nb6 16. b3 Nxc4 17. bxc4 Bd6 18. Bxd6 Qxd6 19. Rb1 Bc6 20. Rb2 Ne4 21. Nd2 Nc3 22.
Bxc6 Qxc6 23. Re1 Nxe2+ 24. Rxe2 Rxe2 25. Qb3 Re1+ 26. Nf1 g6 27. Qc2 Rce8 28. Qd2 Qf3 29. h4 R1e2 30. Qc1 Qxf2+ 31. Kh1 Qg2# 0-1

[Event "Betsys MČR v online bleskovém šachu 2021"]
[Site "Chess.com"]
[Date "2021.04.17"]
[Round "10"]
[White "zaciname"]
[Black "DenisaD2008"]
[Result "1-0"]
[WhiteElo "745"]
[BlackElo "949"]
[TimeControl "180+1"]
[EndTime "10:39:52 PDT"]
[Termination "Uživatel zaciname zvítězil matem"]

1. e4 e5 2. Nf3 Nc6 3. Bc4 Bc5 4. d3 Nf6 5. h3 d6 6. Ng5 O-O 7. Be3 Bxe3 8. fxe3 Be6 9. Bxe6 Nd7 10. Qh5 h6 11. Nxf7 Rxf7 12. Qxf7+ Kh8 13. Bxd7 Qh4+ 14. Qf2 Qxf2+ 15.
Kxf2 Rf8+ 16. Ke2 Rf7 17. Bg4 g6 18. Rf1 Rg7 19. Nc3 h5 20. Bf3 g5 21. Kd2 g4 22.
hxg4 hxg4 23. Be2 g3 24. Rf3 Kh7 25. Rh1+ Kg8 26. Nd5 a5 27. a3 b5 28. Nxc7 Rxc7 29. Rxg3+ Kf8 30. Rf1+ Ke7 31. Rg8 Nd8 32. Rg7+ Ke6 33.
Rxc7 d5 34. exd5+ Kxd5 35. Rd7+ Kc6 36. Rxd8 Kc7 37. Rff8 a4 38. Bg4 Kc6 39. Rd7 b4 40.
Rff7 bxa3 41. bxa3 e4 42. Rf6+ Kc5 43. d4+ Kb5 44.
Rd5+ Kc4 45. Rc5# 1-0

[Event "Betsys MČR v online bleskovém šachu 2021"]
[Site "Chess.com"]
[Date "2021.04.17"]
[Round "10"]
[White "Qb1xh8"]
[Black "Koli05"]
[Result "1-0"]
[WhiteElo "2104"]
[BlackElo "1841"]
[TimeControl "180+1"]
[EndTime "10:39:56 PDT"]
[Termination "Uživatel Qb1xh8 zvítězil na čas"]

1. e4 c5 2. Nf3 d6 3. d4 cxd4 4. Nxd4 Nf6 5. Nc3 Nc6 6. h3 e5 7. Nb3 Be7 8. g4 Be6 9. Bg2 h6 10. Be3 a5 11. a4 Nb4 12. Qd2 d5 13. Bc5 dxe4 14. Bxe7 Qxd2+ 15. Kxd2 Kxe7 16. Nc5 Rad8+ 17. Kc1 b6 18. Nxe6 Kxe6 19. Nxe4 Rc8 20. c3 Nd3+ 21. Kc2 Nb4+ 22. Kb3 Nd3 23. Kc2 Nxe4 24. Bxe4 Nxf2 25.
Bf5+ Ke7 26. Rhf1 Nxh3 27. Bxc8 Rxc8 28. Rae1 f6 29. Kd3 Nf4+ 30. Rxf4 Rd8+ 31. Rd4 1-0

[Event "Betsys MČR v online bleskovém šachu 2021"]
[Site "Chess.com"]
[Date "2021.04.17"]
[Round "10"]
[White "JanBaraCZE"]
[Black "8_olda_8"]
[Result "0-1"]
[WhiteElo "1591"]
[BlackElo "1800"]
[TimeControl "180+1"]
[EndTime "10:39:57 PDT"]
[Termination "Uživatel 8_olda_8 zvítězil na čas"]

1. d4 e6 2. c4 Nf6 3. Nc3 d5 4. cxd5 exd5 5. Nf3 c6 6. g3 Bf5 7. Bg2 Bd6 8. O-O Nbd7 9. Bg5 h6 10. Bxf6 Nxf6 11. Ne5 Qe7 12. Nd3 O-O 13. a3 a5 14.
Rb1 Ne4 15. Nxe4 Bxe4 16. Bxe4 Qxe4 17. Nc5 Qe7 18. b4 axb4 19. axb4 b6 20. Nd3 Ra2 21. Qe1 Rxe2 22. Qd1 Re8 23. Re1 f6 24. Rxe2 Qxe2 25. Qxe2 Rxe2 26. Nf4 Bxf4 27. gxf4 Rd2 28. Re1 Rxd4 29. Re6 c5 30. bxc5 bxc5 31. Rc6 c4 32.
Kg2 Rxf4 33. Kf1 Rd4 34. Ke2 Rd3 35. f3 h5 36. f4 f5 37. h4 Kf7 38. Rc7+ Kg6 39. Rc6+ Kh7 40. Rc7 Kh6 41. Rc6+ g6 42. Rc7 Rd4 0-1

[Event "Betsys MČR v online bleskovém šachu 2021"]
[Site "Chess.com"]
[Date "2021.04.17"]
[Round "10"]
[White "jonasstach"]
[Black "JIDEMONI"]
[Result "1/2-1/2"]
[WhiteElo "2004"]
[BlackElo "1888"]
[TimeControl "180+1"]
[EndTime "10:39:58 PDT"]
[Termination "Remíza opakováním pozice"]

1. Nf3 Nf6 2. d4 c5 3. e3 cxd4 4. exd4 g6 5. c3 Bg7 6. Bg5 O-O 7. Bd3 d6 8. O-O Bg4 9. Re1 Nc6 10. h3 Bd7 11.
Nbd2 h6 12. Bh4 Kh7 13. Qc2 Re8 14. Bc4 e6 15. Re2 d5 16. Bd3 Rc8 17. Ne5 Nb4 18.
Qb1 Nxd3 19. Qxd3 Rf8 20. Rae1 Be8 21. Qb1 Qc7 22. f4 Nh5 23. Rf2 Bf6 24. Bxf6 Nxf6 25.
g4 Kg7 26. Qd1 Qb6 27. Qb3 Qxb3 28. axb3 b6 29. Ra1 a5 30. Ra3 Nd7 31. Nxd7 Bxd7 32. Nf3 f6 33. Re2 Kf7 34. Kf2 Ra8 35. Ra1 a4 36. bxa4 Rxa4 37. Rxa4 Bxa4 38. Re1 Ra8 39. Ra1 Bc6 40. Rxa8 Bxa8 41. Ke3 Ke7 42. b3 Bc6 43. Nh4 Kf7 44. Nf3 Ke7 45. Nh4 Kf7 46. Nf3 Ke7 1/2-1/2

[Event "Betsys MČR v online bleskovém šachu 2021"]
[Site "Chess.com"]
[Date "2021.04.17"]
[Round "10"]
[White "petiva3"]
[Black "Jaja15F"]
[Result "1-0"]
[WhiteElo "1402"]
[BlackElo "1133"]
[TimeControl "180+1"]
[EndTime "10:39:59 PDT"]
[Termination "Uživatel petiva3 zvítězil na čas"]

1. e4 e5 2. Nf3 Nc6 3. d4 exd4 4. Nxd4 Nf6 5. Nxc6 dxc6 6. e5 Qxd1+ 7. Kxd1 Ng4 8. Ke1 Nxe5 9. Bf4 Bd6 10. Nc3 Be6 11. Bxe5 Bxe5 12. Bd3 Bxc3+ 13. bxc3 O-O 14. Ke2 Rfe8 15. Kd2 Rad8 16. Rhe1 c5 17. Kc1 c4 18. Be4 c6 19. Kb2 h6 20. Rad1 Rxd1 21. Rxd1 f5 22. Bf3 g5 23. Rd6 g4 24. Bd1 h5 25. Rd4 Bd5 26. f3 Re1 27. fxg4 fxg4 28. h3 Bxg2 29.
hxg4 hxg4 30. Rxg4+ Kf8 31. Rxg2 Rxd1 32. Rg4 b5 33.
Rg6 Rd5 34. Rxc6 Ke7 35. Rc7+ Rd7 36. Rc5 Rb7 37. Ka3 Kd6 38. Rg5 Kc7 39. Kb4 a6 40. Ka5 Kc6 41. Rg6+ Kc7 42. Kxa6 1-0

[Event "Betsys MČR v online bleskovém šachu 2021"]
[Site "Chess.com"]
[Date "2021.04.17"]
[Round "10"]
[White "Sorcercream"]
[Black "Tah_na_g12"]
[Result "0-1"]
[WhiteElo "1004"]
[BlackElo "1178"]
[TimeControl "180+1"]
[EndTime "10:39:59 PDT"]
[Termination "Uživatel Tah_na_g12 zvítězil na čas"]

1. e4 e5 2. Nf3 Nc6 3. Bb5 a6 4. Ba4 Bc5 5. c3 Qf6 6. O-O h5 7. Bxc6 dxc6 8. d4 exd4 9. cxd4 Bd6 10. e5 Qe6 11. Re1 Be7 12. Ng5 Bxg5 13. Bxg5 Bd7 14. Nc3 Qg6 15. Bh4 Nh6 16. d5 cxd5 17. Nxd5 Nf5 18. Nxc7+ Kf8 19. Bg3 Rc8 20. Qxd7 Rb8 21. e6 fxe6 22. Nxe6+ Kg8 23. Bxb8 h4 24. Nf4 Qg5 25.
Re8+ Kh7 26. Qe6 Nd4 27. Rxh8+ Kxh8 28. Qe4 Nf5 29. Rc1 Kh7 30. Rc8 Qg4 31. Rf8 g6 32.
Rf7+ Kh6 33. Rf6 h3 0-1

[Event "Betsys MČR v online bleskovém šachu 2021"]
[Site "Chess.com"]
[Date "2021.04.17"]
[Round "10"]
[White "KajaOl"]
[Black "jsulc"]
[Result "0-1"]
[WhiteElo "2234"]
[BlackElo "2088"]
[TimeControl "180+1"]
[EndTime "10:40:02 PDT"]
[Termination "Uživatel jsulc zvítězil po vzdání soupeře"]

1. e4 e5 2. Nf3 Nc6 3. Bc4 Nf6 4. d3 Be7 5. Nbd2 d6 6. c3 O-O 7. O-O Na5 8. Bb5 c5 9. Ba4 Nc6 10. Re1 Be6 11. Nf1 a6 12. Ne3 b5 13. Bc2 Rc8 14. a4 b4 15. d4 cxd4 16. cxd4 Nxd4 17. Nxd4 exd4 18. Qxd4 a5 19. Bd3 g6 20. Bb5 Rc5 21. Bd2 Qb6 22. Qd3 Rd8 23. Rac1 d5 24. e5 Ne4 25. Red1 Qc7 26. Rxc5 Bxc5 27. f4 f6 28.
exf6 Qxf4 29. Rf1 Qg5 30. Kh1 Nxd2 31. f7+ Bxf7 32. Qxd2 Qxe3 33. Qd1 d4 34. Qg4 d3 35. Rxf7 Kxf7 36. Bc4+ Kg7 0-1

[Event "Betsys MČR v online bleskovém šachu 2021"]
[Site "Chess.com"]
[Date "2021.04.17"]
[Round "10"]
[White "dnovotny"]
[Black "Dejfos"]
[Result "0-1"]
[WhiteElo "1712"]
[BlackElo "1771"]
[TimeControl "180+1"]
[EndTime "10:40:02 PDT"]
[Termination "Uživatel Dejfos zvítězil matem"]

1. d4 Nf6 2. Nc3 c5 3. d5 e5 4. e4 d6 5. f4 exf4 6. Nf3 g6 7. Bxf4 Bg7 8. Bd3 O-O 9. O-O a6 10. a4 Bg4 11. b3 Nh5 12. Bd2 Bd4+ 13. Kh1 Nd7 14. Qc1 Bg7 15. Ra2 Bxf3 16. Rxf3 Ne5 17.
Rh3 Ng4 18. Nd1 Be5 19. Be2 Ngf6 20. Bg5 Qa5 21. Bxh5 Qe1# 0-1

[Event "Betsys MČR v online bleskovém šachu 2021"]
[Site "Chess.com"]
[Date "2021.04.17"]
[Round "10"]
[White "jankrelina07"]
[Black "jarda1955"]
[Result "0-1"]
[WhiteElo "1632"]
[BlackElo "2004"]
[TimeControl "180+1"]
[EndTime "10:40:05 PDT"]
[Termination "Uživatel jarda1955 zvítězil po vzdání soupeře"]

1. d4 Nf6 2. Bf4 c5 3. dxc5 Qa5+ 4. c3 Qxc5 5. Nf3 d5 6. e3 Nc6 7. Nbd2 Bg4 8. Qc2 e6 9. a3 Be7 10. Nb3 Qb6 11. Nbd2 O-O 12. Bd3 h6 13. Bg3 Rfe8 14. Ne5 Nxe5 15. Bxe5 Rac8 16. Bg3 Bf8 17. h3 Bh5 18.
O-O e5 19. Qc1 Bg6 20. Bxg6 fxg6 21. Qb1 g5 22. Qf5 Qxb2 23. Nf3 e4 24. Ne5 Qxc3 25. Ng6 Qc6 26. Ne5 Qe6 27. Qg6 Bd6 28. Ng4 Nxg4 29. hxg4 Qxg6 30. Bxd6 Qxd6 31. Rab1 b6 32. a4 Rc2 33. a5 bxa5 34. Ra1 Rf8 35. Rxa5 Qb6 36. Raa1 Qb2 0-1

[Event "Betsys MČR v online bleskovém šachu 2021"]
[Site "Chess.com"]
[Date "2021.04.17"]
[Round "10"]
[White "matyson523"]
[Black "Cenisuh"]
[Result "1-0"]
[WhiteElo "1814"]
[BlackElo "1607"]
[TimeControl "180+1"]
[EndTime "10:40:06 PDT"]
[Termination "Uživatel matyson523 zvítězil na čas"]

1. e4 e5 2. Nf3 Nc6 3. d4 exd4 4.
Bc4 Nf6 5. e5 Qe7 6. O-O Nxe5 7.
Nxe5 Qxe5 8. Re1 Ne4 9. f3 d5 10. Bd3 Bd6 11. g3 Bf5 12. Bf4 Qf6 13. fxe4 dxe4 14.
Bxe4 O-O-O 15. Bxf5+ Qxf5 16. Qd3 Qd5 17. Qe4 Qa5 18.
Na3 Bc5 19. Kh1 a6 20. Rad1 Rhe8 21. Qxe8 Rxe8 22. Rxe8+ Kd7 23. Rde1 Qa4 24. R8e2 Qc6+ 25. Rg2 f6 26. Nc4 g5 27. Bd2 b5 28. Na3 Bb6 29.
h3 a5 30. c3 b4 31. cxb4 axb4 32. Bxb4 Qa4 33. Bd2 1-0

[Event "Betsys MČR v online bleskovém šachu 2021"]
[Site "Chess.com"]
[Date "2021.04.17"]
[Round "10"]
[White "SayQueen"]
[Black "mravecuk"]
[Result "0-1"]
[WhiteElo "2013"]
[BlackElo "2240"]
[TimeControl "180+1"]
[EndTime "10:40:07 PDT"]
[Termination "Uživatel mravecuk zvítězil po vzdání soupeře"]

1. e4 e6 2. d4 d5 3. exd5 exd5 4. c4 Nf6 5. Nc3 Bb4 6. cxd5 O-O 7. Nf3 Nxd5 8. Bd2 Re8+ 9. Be2 c5 10. O-O cxd4 11.
Nxd4 Nxc3 12. bxc3 Bc5 13. Be3 Bb6 14. Bc4 Nc6 15.
Qh5 Ne5 16. Bb3 Bg4 17. Qg5 Qxg5 18. Bxg5 Rac8 19. h3 Bd7 20. Rad1 Nc4 21. Nf3 Be6 22. Rfe1 h6 23. Bf4 Nb2 24. Rd6 Nc4 25. Bxc4 Bxc4 26.
Rxe8+ Rxe8 27. Rd7 Re2 28. Bg3 Rxa2 29. Rxb7 Bd5 30.
Ne5 Bxb7 0-1

[Event "Betsys MČR v online bleskovém šachu 2021"]
[Site "Chess.com"]
[Date "2021.04.17"]
[Round "10"]
[White "SanyH"]
[Black "zarathutra"]
[Result "0-1"]
[WhiteElo "1598"]
[BlackElo "1806"]
[TimeControl "180+1"]
[EndTime "10:40:11 PDT"]
[Termination "Uživatel zarathutra zvítězil po vzdání soupeře"]

1. e4 e5 2. f4 exf4 3. Nf3 d6 4. Bc4 h6 5. O-O g5 6. d4 Bg7 7. c3 Nc6 8. Nbd2 Nf6 9. a3 O-O 10. Qc2 a6 11. b4 b5 12. Bd3 Nd7 13. Bb2 Nb6 14.
Rae1 f6 15. Qb3+ Kh8 16. Qc2 d5 17. e5 fxe5 18. Nxe5 Nxe5 19. dxe5 Nc4 20. Nxc4 dxc4 21. Bh7 c5 22. bxc5 Qe7 23. Qe4 Bb7 24. Qd4 Kxh7 25. Kh1 Rad8 26. Qf2 Rd5 27. Qc2+ Kh8 28. Qg6 Qxc5 29. Rf3 Rxe5 30. Rxe5 Qxe5 31. Rf1 Qe2 32.
Rg1 Qxb2 33. h3 Qxc3 34. h4 Qf6 35. Qh5 f3 36. hxg5 fxg2+ 37. Kh2 Qf4+ 38. Kh3 Bc8+ 0-1

[Event "Betsys MČR v online bleskovém šachu 2021"]
[Site "Chess.com"]
[Date "2021.04.17"]
[Round "10"]
[White "Sfreedom01"]
[Black "dino5517"]
[Result "0-1"]
[WhiteElo "1336"]
[BlackElo "1395"]
[TimeControl "180+1"]
[EndTime "10:40:11 PDT"]
[Termination "Uživatel dino5517 zvítězil matem"]

1. e4 e5 2. Nf3 Nf6 3. Nc3 Bc5 4. Bc4 Nc6 5. O-O d6 6. d3 Be6 7. Bxe6 fxe6 8. Qe2 Qe7 9. Be3 Bxe3 10. fxe3 O-O-O 11. a3 h5 12. b4 h4 13. h3 Rdg8 14. Kh2 g5 15. b5 Nb8 16. Ng1 Rg7 17. Rf2 g4 18. hxg4 Nxg4+ 19. Kh1 Nxf2+ 20. Qxf2 Qg5 21. Nh3 Qh6 22.
Rg1 Nd7 23. Ne2 Nf6 24. d4 Ng4 25. Qf3 Nxe3 26. dxe5 dxe5 27. g3 hxg3 28. Rxg3 Rxg3 29. Qxg3 Nxc2 30. Kg2 Nd4 31. Nxd4 exd4 32. Qe5 Qxh3+ 33. Kf2 Qe3+ 34. Kg2 Rg8+ 35. Kh2 Qg1+ 36. Kh3 Qg2+ 37. Kh4 Qg4# 0-1

[Event "Betsys MČR v online bleskovém šachu 2021"]
[Site "Chess.com"]
[Date "2021.04.17"]
[Round "10"]
[White "Filipdol"]
[Black "PremetFugas"]
[Result "0-1"]
[WhiteElo "1899"]
[BlackElo "2116"]
[TimeControl "180+1"]
[EndTime "10:40:12 PDT"]
[Termination "Uživatel PremetFugas zvítězil matem"]

1. e4 c5 2. Nc3 d6 3. f4 Nc6 4. Nf3 g6 5. Bb5 Bd7 6. d3 Bg7 7. O-O a6 8. Bxc6 Bxc6 9. Be3 e6 10. Qe1 Ne7 11. Qf2 b6 12. d4 Qc7 13. Rad1 O-O-O 14. e5 Nf5 15. dxc5 dxc5 16. g4 Nxe3 17.
Qxe3 Qb7 18. Ng5 h6 19. Nge4 Kb8 20. Nd6 Qc7 21. Nce4 Ba8 22. c4 Rhf8 23. Rd3 g5 24. Ra3 gxf4 25. Qxf4 f5 26. gxf5 exf5 27. Nc3 Bxe5 28.
Qxe5 Rxd6 29. Rxa6 Rg6+ 30. Qg3 Rxg3+ 31. hxg3 Qxg3# 0-1